 Dungeon Crawl Stone Soup version 0.31-a0-234-gad7ace16ef (webtiles) character file.

Game seed: 15883423463800826763

87509 qw the Marksgargoyle (level 15, -16/101 HPs)
             Began as a Gargoyle Hexslinger on July 9, 2023.
             Was a High Priest of Okawaru.
             Demolished by an enormous slime creature (64 damage)
             ... on level 13 of the Dungeon.
             The game lasted 00:08:38 (18614 turns).

qw the Marksgargoyle (Gargoyle Hexslinger)         Turns: 18614, Time: 00:08:38

Health: -16/101    AC: 41    Str: 11    XL:     15   Next: 90%
Magic:  21/22      EV: 16    Int: 11    God:    Okawaru [*****.]
Gold:   1171       SH:  5    Dex: 16    Spells: 15/16 levels left

rFire   . . .        j - +0 longbow
rCold   + + +        (shield currently unavailable)
rNeg    + + .        a - +3 ring mail "Juem" {Dex-2 Slay+5}
rPois   inf          o - +2 helmet of the Distant Future {rC+++ rN+ Will- Int-3}
rElec   +            m - +2 cloak
rCorr   .            h - +2 pair of gloves
SInv    +            l - +2 pair of boots
Will    .....        d - amulet of reflection
Stlth   ++           s - +4 ring of protection
HPRegen 0.36/turn    x - ring of see invisible
MPRegen 0.18/turn

%: reflection
@: about to teleport, heroic, flying
A: sickness immunity, AC +11, big wings, negative energy resistance 1,
electricity resistance, torment resistance 1, petrification resistance, mutation
resistance 1, weak 1
a: Renounce Religion, Heroism, Finesse, Duel


You were on level 13 of the Dungeon.
You worshipped Okawaru.
Okawaru was extremely pleased with you.
You visited 3 branches of the dungeon, and saw 19 of its levels.
You also visited: Gauntlet.

You collected 1418 gold pieces.
You spent 247 gold pieces at shops.


Innate Abilities, Weirdness & Mutations

You are immune to sickness and miasma.
Your stone body is resilient. (AC +11)
You are immune to poison.
Your large and strong wings let you fly.
You resist negative energy. (rN+)
You are resistant to electric shocks. (rElec)
You are resistant to unholy torment.
You are immune to petrification.
You are somewhat resistant to further mutation.
You are weak. (Str -2)


   Skills:
 - Level 14.5(19.5) Fighting
 + Level 18.4(23.4) Ranged Weapons
 - Level 10.0(15.0) Armour
 - Level 6.0(11.0) Dodging
 - Level 1.0 Spellcasting
 - Level 2.6 Hexes
 - Level 10.0 Invocations


You had 15 spell levels left.
You knew the following spells:

 Your Spells              Type           Power      Damage    Failure   Level
a - Slow                  Hex            24%        N/A       19%         1

Your spell library contained the following spells:

 Spells                   Type           Power      Damage    Failure   Level
 Inner Flame              Hex/Fire       3%         N/A       69%         3
 Portal Projectile        Hex/Tloc       6%         N/A       69%         3
 Cause Fear               Hex            3%         N/A       88%         4

Inventory:

Hand Weapons
 j - a +0 longbow (weapon)
Armour
 a - the +3 ring mail "Juem" (worn) {Dex-2 Slay+5}
   (You found it on level 4 of the Dungeon)

   Dex:       It affects your dexterity (-2).
   Slay:      It affects your accuracy & damage with ranged weapons and melee
   (+5).
 h - a +2 pair of gloves (worn)
 l - a +2 pair of boots (worn)
 m - a +2 cloak (worn)
 o - the +2 helmet of the Distant Future (worn) {rC+++ rN+ Will- Int-3}
   (You found it in a Gauntlet)

   Int:       It affects your intelligence (-3).
   rC:        It renders you almost immune to cold.
   rN:        It protects you from negative energy.
   Will:      It decreases your willpower.
 q - a +2 robe of fire resistance
 y - the +4 helmet of Mutualism {Str+2}
   (Okawaru gifted it to you on level 2 of the Lair of Beasts)

   Str:       It affects your strength (+2).
Jewellery
 d - an amulet of reflection (around neck)
 s - a +4 ring of protection (left hand)
 x - a ring of see invisible (right hand)
 z - the ring "Lalaettu" {Ice *Slow Dex+4 Stlth+}
   (You found it on level 5 of the Lair of Beasts)

   [ring of ice]

   It enhances your ice magic.
   Dex:       It affects your dexterity (+4).
   rF:        It makes you vulnerable to fire.
   rC:        It protects you from cold.
   *Slow:     It may slow you when you take damage.
   Stlth:     It makes you more stealthy.
 Y - a +6 ring of strength
Wands
 p - a wand of digging (8)
Scrolls
 f - 6 scrolls of identify
 g - 4 scrolls of teleportation
Potions
 b - 3 potions of haste
 c - 7 potions of curing
 e - 6 potions of mutation
 i - 4 potions of might
 k - 3 potions of enlightenment
 n - 2 potions of heal wounds
 r - a potion of resistance
 t - 4 potions of magic
 v - 2 potions of cancellation

Dungeon Overview and Level Annotations

Branches:
Dungeon (13/15)            Temple (1/1) D:6            Lair (5/5) D:11
  Swamp (0/4) Lair:2       Spider (0/4) Lair:2        Slime (0/5) Lair:5
    Orc (0/2) D:10        Gauntlet (visited)
 Vaults: D:13-14

Altars:
Ashenzari
Cheibriados
Dithmenos
Elyvilon
Fedhas
Gozag
Hepliaklqana
Kikubaaqudgha
Makhleb
Nemelex Xobeh
Okawaru
Qazlal
Ru
Sif Muna
Trog
Uskayaw
Vehumet
Wu Jian
Xom
Yredelemnul
Zin
The Shining One
Jiyva

Shops:
D:4 *   D:9 **

Portals:
Ice
Cave: D:13

Annotations:
Lair:2 1 runed translucent door, qw's ghost, journeyman GrFi
Lair:4 1 runed translucent door


Message History

You shoot an arrow.
The arrow hits the large slime creature!!
The large slime creature is almost dead.
The large slime creature hits you!!
You shoot an arrow.
The arrow hits the large slime creature!
The large slime creature is almost dead.
You block the large slime creature's attack.
A slime creature comes into view. x2
You shoot an arrow. The slime creature quivers.
The arrow hits the large slime creature.
The large slime creature is almost dead.
The large slime creature barely misses you.
Two slime creatures merge to form a very large slime creature.
18609 ||| INVOKING Heroism.
You gain the combat prowess of a mighty hero.
You shoot an arrow.
The arrow hits the very large slime creature!
The very large slime creature is severely wounded.
You shoot an arrow.
The arrow hits the very large slime creature!!
The very large slime creature is almost dead.
The very large slime creature hits you!!
Two slime creatures merge to form an enormous slime creature.
18612 ||| READING 5 scrolls of teleportation.
As you read the scroll of teleportation, it crumbles to dust.
You feel strangely unstable.
Two slime creatures merge to form a large slime creature.
You shoot an arrow.
The arrow hits the enormous slime creature!
The enormous slime creature is severely wounded.
The enormous slime creature barely misses you.
You shoot an arrow.
The arrow completely misses the enormous slime creature.
The arrow hits the large slime creature!
The large slime creature is lightly wounded.
The enormous slime creature hits you!!!
Ouch! That really hurt!
You die...

#................####.
#####.##.........#....
#.##.........#.##.
#.##.........#+##.
#.##........#.....
#.##.............. #.#
#...... #.# +.)..<.
#@# #...... #J#
######.#.... #.#
#.........## #J#
#...#...#### ..# #
#......... ..#
............ ..#
#.\.#....... #..#
............
..#.........


You could see an enormous slime creature and a large slime creature.

Vanquished Creatures
  Azrael (D:12)
  A blizzard demon (Gauntlet)
  A minotaur (Gauntlet)
  9 hydras
  5 boulder beetles
  2 two-headed ogres
  3 death yaks (Lair:5)
  A deep troll shaman (Lair:5)
  2 catoblepae
  A wizard (D:12)
  2 bog bodies
  A lindwurm (Lair:5)
  A deep elf archer (D:12)
  Pikel (D:8)
  An ugly thing (D:12)
  A cyclops (D:12)
  2 manticores (D:12)
  15 elephants
  5 black mambas
  13 cane toads
  3 rime drakes
  9 gargoyles
  8 komodo dragons
  3 kobold demonologists
  A freezing wraith (D:12)
  A burning bush (Lair:1)
  3 trolls
  3 polar bears
  A tarantella (shapeshifter) (D:12)
  11 blink frogs
  Prince Ribbit (D:5)
  Grinder (D:2)
  A blink frog (shapeshifter) (D:12)
  Sigmund (D:5)
  3 slime creatures (Gauntlet)
  A shadow (D:9)
  9 wyverns
  54 yaks
  5 basilisks
  4 wraiths
  Eustachio (D:5)
  A steam dragon (Lair:2)
  Menkaure (D:7)
  3 fire elementals (D:12)
  7 vampire mosquitoes (D:10)
  2 acid dragons
  5 hell hounds (D:12)
  Duvessa (D:5)
  15 water moccasins
  An ice beast (D:5)
  8 orc warriors
  5 black bears
  A sky beast (D:6)
  2 ogres
  27 wolves
  4 centaurs
  A phantom (D:6)
  2 lemures (D:8)
  18 kobold brigands
  Blork the orc (D:4)
  17 bullfrogs
  6 scorpions
  Dowan (D:5)
  3 killer bees (D:8)
  4 howler monkeys
  An electric eel (Lair:2)
  3 hounds
  10 jellies
  4 sleepcaps
  15 orc priests
  2 gnoll boudas (D:8)
  Terence (D:2)
  4 iguanas
  17 orc wizards
  3 adders
  10 gnolls
  A shadow imp (D:8)
  3 worms
  56 orcs
  3 ball pythons
  5 endoplasms
  2 giant cockroaches
  8 goblins
  6 hobgoblins
  2 jackals (D:2)
  4 quokkas
  5 bats
  12 frilled lizards
  23 kobolds
  9 rats
  A spectral orc (D:5)
538 creatures vanquished.

Notes
Turn   | Place    | Note
-------+----------+-------------------------------------------
     0 | D:1      | qw the Gargoyle Hexslinger began the quest for the Orb.
     0 | D:1      | Reached XP level 1. HP: 12/12 MP: 2/2
     0 | D:1      | 0 ||| qw: Version: 0.3-a-51-g015441d
     0 | D:1      | 0 ||| qw: Game counter: 4182
     0 | D:1      | 0 ||| qw: Melee chars always use a shield: true
     0 | D:1      | 0 ||| qw: God list: Okawaru
     0 | D:1      | 0 ||| qw: Allow faded altars: false
     0 | D:1      | 0 ||| qw: Do Orc after clearing Dungeon:15 true
     0 | D:1      | 0 ||| qw: Do second Lair branch before Depths: true
     0 | D:1      | 0 ||| qw: Lair rune preference: random
     0 | D:1      | 0 ||| qw: Goals: Normal
     0 | D:1      | 0 ||| PLANNING D:1-11
   127 | D:1      | Reached XP level 2. HP: 16/16 MP: 3/3
   177 | D:1      | Reached skill level 3 in Ranged Weapons
   635 | D:1      | 635 ||| UPGRADING to +0 helmet.
   640 | D:1      | 640 ||| READING scroll labelled IXISTR ODARELOG.
   741 | D:1      | 741 ||| READING scroll labelled EPNETOURIO.
   742 | D:1      | 742 ||| READING 2 scrolls labelled XASTIY USUEC.
   745 | D:1      | 745 ||| DROPPING scroll of poison.
   886 | D:2      | Reached XP level 3. HP: 21/21 MP: 4/4
  1554 | D:2      | Noticed Terence
  1568 | D:2      | HP: 4/21 [Terence/+0 flail (3)]
  1569 | D:2      | 1569 ||| READING scroll of teleportation.
  1571 | D:2      | Killed Terence
  1572 | D:2      | Reached skill level 4 in Ranged Weapons
  1572 | D:2      | Reached XP level 4. HP: 3/26 MP: 5/5
  1573 | D:2      | 1573 ||| FLEEEEING.
  1819 | D:2      | Found a faded altar of an unknown god.
  1927 | D:2      | 1927 ||| UPGRADING to +0 leather armour.
  1937 | D:2      | 1937 ||| DROPPING +0 robe.
  1938 | D:2      | 1938 ||| UPGRADING to +0 cloak.
  1943 | D:2      | 1943 ||| UPGRADING to amulet of the acrobat.
  1948 | D:2      | 1948 ||| READING scroll labelled FUAHUARONG.
  1949 | D:2      | 1949 ||| READING scroll labelled MOKLOI XURUNIO.
  1950 | D:2      | 1950 ||| READING scroll labelled KIG KOTHIOTRA.
  1951 | D:2      | 1951 ||| READING scroll labelled YPOEKI DIWNI.
  1952 | D:2      | 1952 ||| DRINKING 3 fizzy orange potions.
  1952 | D:2      | Gained mutation: You are weak. (Str -2) [potion of
                  | mutation]
  1952 | D:2      | Gained mutation: You are somewhat resistant to further
                  | mutation. [potion of mutation]
  1953 | D:2      | 1953 ||| DRINKING 2 orange potions.
  2002 | D:3      | HP: 6/26 [orc/+0 trident (5)]
  2008 | D:3      | HP: 5/26 [orc/+0 flail (1)]
  2250 | D:3      | 2250 ||| SWAPPING to +4 sling.
  2251 | D:3      | 2251 ||| DROPPING +2 sling.
  2252 | D:3      | 2252 ||| READING scroll of enchant weapon.
  2252 | D:3      | 2252 ||| ENCHANTING +4 sling.
  2364 | D:3      | Found a shimmering altar of Xom.
  2364 | D:3      | Found a bloodstained altar of Trog.
  2481 | D:3      | Noticed Grinder
  2483 | D:3      | 2483 ||| Stepping ~*~*~tactically~*~*~ (outnumbered).
  2485 | D:3      | 2485 ||| Stepping ~*~*~tactically~*~*~ (outnumbered).
  2497 | D:3      | 2497 ||| Stepping ~*~*~tactically~*~*~ (outnumbered).
  2502 | D:3      | Reached skill level 5 in Ranged Weapons
  2502 | D:3      | Reached XP level 5. HP: 13/30 MP: 6/6
  2505 | D:3      | HP: 2/30 [something/puff of flame (10)]
  2513 | D:3      | 2513 ||| FLEEEEING.
  2514 | D:3      | 2514 ||| FLEEEEING.
  2515 | D:3      | 2515 ||| FLEEEEING.
  2516 | D:3      | 2516 ||| FLEEEEING.
  2517 | D:3      | 2517 ||| FLEEEEING.
  2518 | D:3      | 2518 ||| FLEEEEING.
  2524 | D:3      | 2524 ||| FLEEEEING.
  2525 | D:3      | 2525 ||| FLEEEEING.
  2526 | D:3      | 2526 ||| FLEEEEING.
  2532 | D:3      | 2532 ||| FLEEEEING.
  2533 | D:3      | 2533 ||| FLEEEEING.
  2534 | D:3      | 2534 ||| FLEEEEING.
  2535 | D:3      | 2535 ||| FLEEEEING.
  2536 | D:3      | 2536 ||| FLEEEEING.
  2537 | D:3      | 2537 ||| FLEEEEING.
  2538 | D:3      | 2538 ||| FLEEEEING.
  2539 | D:3      | 2539 ||| FLEEEEING.
  2540 | D:3      | 2540 ||| FLEEEEING.
  2541 | D:3      | 2541 ||| FLEEEEING.
  2542 | D:3      | 2542 ||| FLEEEEING.
  2543 | D:3      | 2543 ||| FLEEEEING.
  2544 | D:3      | 2544 ||| FLEEEEING.
  2545 | D:3      | 2545 ||| FLEEEEING.
  2546 | D:3      | 2546 ||| FLEEEEING.
  2547 | D:3      | 2547 ||| FLEEEEING.
  2548 | D:3      | 2548 ||| FLEEEEING.
  2549 | D:3      | 2549 ||| FLEEEEING.
  2550 | D:3      | 2550 ||| FLEEEEING.
  2551 | D:3      | 2551 ||| FLEEEEING.
  2556 | D:3      | 2556 ||| STAIRDANCE
  2615 | D:2      | 2615 ||| READING scroll labelled HIOCKA ZYEWUE.
  2617 | D:3      | Paralysed by Grinder for 3 turns
  2625 | D:3      | 2625 ||| STAIRDANCE
  2628 | D:2      | Killed Grinder
  2629 | D:2      | Reached XP level 6. HP: 32/40 MP: 7/7
  2661 | D:3      | 2661 ||| STAIRDANCE
  2686 | D:2      | 2686 ||| UPGRADING to +0 ring mail.
  2696 | D:2      | 2696 ||| DROPPING +0 leather armour.
  2728 | D:3      | Reached skill level 1 in Armour
  2845 | D:3      | 2845 ||| READING scroll labelled YDAETOZIYM.
  2883 | D:4      | Found a broken altar of Ashenzari.
  2965 | D:4      | Reached XP level 7. HP: 44/44 MP: 8/8
  3017 | D:4      | Reached skill level 6 in Ranged Weapons
  3153 | D:4      | Noticed Blork the orc
  3165 | D:4      | Killed Blork the orc
  3166 | D:4      | 3166 ||| FLEEEEING.
  3174 | D:4      | 3174 ||| STAIRDANCE
  3240 | D:3      | 3240 ||| UPGRADING to +3 leather armour.
  3250 | D:3      | 3250 ||| DROPPING +0 ring mail.
  3260 | D:4      | Identified the +3 ring mail "Juem" {Dex-2 Slay+5}
  3319 | D:4      | Found Hanyf's General Store.
  3326 | D:4      | 3326 ||| SHOPLISTING +3 leather armour of fire resistance
                  | (240 gold, have 150).
  3326 | D:4      | 3326 ||| SHOPLISTING ring of ice (250 gold, have 150).
  3326 | D:4      | 3326 ||| BUYING scroll of enchant weapon (75 gold).
  3326 | D:4      | Bought a scroll of enchant weapon for 75 gold pieces
  3326 | D:4      | 3326 ||| BUYING scroll of identify (20 gold).
  3326 | D:4      | Bought a scroll of identify for 20 gold pieces
  3326 | D:4      | 3326 ||| BUYING scroll of identify (20 gold).
  3326 | D:4      | Bought a scroll of identify for 20 gold pieces
  3326 | D:4      | 3326 ||| READING scroll of enchant weapon.
  3326 | D:4      | 3326 ||| ENCHANTING +5 sling.
  3390 | D:4      | 3390 ||| UPGRADING to +3 ring mail "Juem" {Dex-2 Slay+5}.
  3400 | D:4      | 3400 ||| DROPPING +3 leather armour.
  3401 | D:4      | 3401 ||| READING 3 scrolls of identify.
  3401 | D:4      | 3401 ||| IDENTIFYING bubbling black potion
  3402 | D:4      | 3402 ||| READING 2 scrolls of identify.
  3402 | D:4      | 3402 ||| IDENTIFYING metallic black potion
  3411 | D:5      | Entered Level 5 of the Dungeon
  3411 | D:5      | Noticed Sigmund
  3415 | D:5      | 3415 ||| STAIRDANCE
  3419 | D:4      | HP: 1/44 [ogre/+0 giant club (13)]
  3420 | D:4      | 3420 ||| DRINKING potion of heal wounds.
  3549 | D:5      | 3549 ||| STAIRDANCE
  3560 | D:4      | Reached skill level 7 in Ranged Weapons
  3615 | D:5      | Killed Sigmund
  3616 | D:5      | Reached skill level 3 in Armour
  3616 | D:5      | Reached XP level 8. HP: 48/48 MP: 9/9
  3634 | D:5      | Found a basalt altar of Yredelemnul.
  3708 | D:5      | Noticed Prince Ribbit
  3714 | D:5      | Killed Prince Ribbit
  3715 | D:5      | Reached skill level 8 in Ranged Weapons
  3722 | D:5      | Noticed Eustachio
  3736 | D:5      | Killed Eustachio
  4000 | D:5      | Noticed Dowan
  4000 | D:5      | Noticed Duvessa
  4006 | D:5      | Killed Duvessa
  4007 | D:5      | Reached skill level 9 in Ranged Weapons
  4011 | D:5      | Killed Dowan
  4059 | D:5      | 4059 ||| READING scroll labelled AZOEN MOPT.
  4119 | D:6      | 4119 ||| READING scroll of enchant armour.
  4119 | D:6      | 4119 ||| ENCHANTING +0 helmet.
  4345 | D:6      | Identified the +4 dagger of the Vaults {freeze, rN+ Stlth+}
  4391 | D:6      | Reached skill level 6 in Fighting
  4391 | D:6      | Reached XP level 9. HP: 43/55 MP: 10/10
  4393 | D:6      | 4393 ||| Stepping ~*~*~tactically~*~*~ (outnumbered).
  4469 | D:6      | 4469 ||| SWAPPING to +0 orcbow.
  4476 | D:6      | 4476 ||| DROPPING +6 sling.
  4596 | D:6      | 4596 ||| Stepping ~*~*~tactically~*~*~ (outnumbered).
  4598 | D:6      | 4598 ||| Stepping ~*~*~tactically~*~*~ (outnumbered).
  4599 | D:6      | 4599 ||| Stepping ~*~*~tactically~*~*~ (outnumbered).
  4626 | D:6      | Reached skill level 10 in Ranged Weapons
  4675 | D:6      | Found a staircase to the Ecumenical Temple.
  4676 | D:6      | 4676 ||| PLANNING TEMPLE
  4676 | D:6      | 4676 ||| UPGRADING to +0 pair of boots.
  4681 | D:6      | 4681 ||| DROPPING amulet of guardian spirit.
  4682 | D:6      | 4682 ||| READING scroll labelled MIN CEACKE TIS.
  4691 | Temple   | Entered the Ecumenical Temple
  4697 | Temple   | 4697 ||| PLANNING OKAWARU WORSHIP
  4815 | Temple   | Became a worshipper of Warmaster Okawaru
  4816 | Temple   | 4816 ||| PLANNING D:1-11
  4923 | D:6      | 4923 ||| Stepping ~*~*~tactically~*~*~ (outnumbered).
  5367 | D:6      | 5367 ||| READING 3 scrolls of identify.
  5367 | D:6      | 5367 ||| IDENTIFYING lumpy green potion
  5368 | D:6      | 5368 ||| READING 2 scrolls of identify.
  5368 | D:6      | 5368 ||| IDENTIFYING bubbling cyan potion
  5369 | D:6      | 5369 ||| DROPPING potion of lignification.
  5481 | D:7      | 5481 ||| Stepping ~*~*~tactically~*~*~ (outnumbered).
  5599 | D:7      | Noticed Menkaure
  5606 | D:7      | Killed Menkaure
  5607 | D:7      | Reached skill level 11 in Ranged Weapons
  5772 | D:7      | Noticed a gargoyle
  5779 | D:7      | Killed a gargoyle
  5779 | D:7      | Reached * piety under Okawaru
  5780 | D:7      | Reached XP level 10. HP: 20/63 MP: 11/11
  5926 | D:7      | Noticed a gargoyle
  5927 | D:7      | 5927 ||| INVOKING Heroism.
  5930 | D:7      | Killed a gargoyle
  6000 | D:7      | Identified the +0 scale mail of Intuition {Str+3}
  6015 | D:7      | Noticed a gargoyle
  6024 | D:7      | Killed a gargoyle
  6025 | D:7      | Reached skill level 1 in Invocations
  6083 | D:7      | Noticed a gargoyle
  6086 | D:7      | Killed a gargoyle
  6092 | D:7      | Noticed a gargoyle
  6097 | D:7      | 6097 ||| INVOKING Heroism.
  6102 | D:7      | Killed a gargoyle
  6103 | D:7      | Reached skill level 3 in Invocations
  6376 | D:7      | Reached ** piety under Okawaru
  6378 | D:7      | 6378 ||| DRINKING 4 potions of curing.
  6378 | D:7      | 6378 ||| (to cure confusion)
  6738 | D:7      | Found a radiant altar of Vehumet.
  6874 | D:7      | 6874 ||| READING scroll labelled TIZALU BIWEC.
  6952 | D:8      | Noticed Pikel
  6964 | D:8      | Killed Pikel
  7036 | D:8      | 7036 ||| INVOKING Heroism.
  7050 | D:8      | Reached skill level 12 in Ranged Weapons
  7096 | D:8      | 7096 ||| INVOKING Heroism.
  7147 | D:8      | Found a flagged portal.
  7262 | D:8      | 7262 ||| READING scroll of enchant armour.
  7262 | D:8      | 7262 ||| ENCHANTING +1 helmet.
  7267 | D:8      | 7267 ||| READING scroll of enchant weapon.
  7267 | D:8      | 7267 ||| ENCHANTING +0 orcbow.
  7431 | D:8      | 7431 ||| READING scroll of enchant armour.
  7431 | D:8      | 7431 ||| ENCHANTING +0 pair of boots.
  7458 | D:8      | 7458 ||| INVOKING Heroism.
  7477 | D:8      | Reached XP level 11. HP: 34/68 MP: 14/14
  7483 | D:8      | Reached skill level 13 in Ranged Weapons
  7654 | D:8      | 7654 ||| INVOKING Heroism.
  7691 | D:8      | 7691 ||| INVOKING Heroism.
  7809 | D:8      | 7809 ||| READING 3 scrolls of enchant armour.
  7809 | D:8      | 7809 ||| ENCHANTING +1 pair of boots.
  7810 | D:8      | 7810 ||| READING 2 scrolls of enchant armour.
  7810 | D:8      | 7810 ||| ENCHANTING +0 cloak.
  7811 | D:8      | 7811 ||| READING scroll of enchant armour.
  7811 | D:8      | 7811 ||| ENCHANTING +1 cloak.
  7907 | D:8      | 7907 ||| DROPPING +2 leather armour of cold resistance.
  7908 | D:8      | 7908 ||| DROPPING +6 ring of intelligence.
  7909 | D:8      | 7909 ||| UPGRADING to +4 ring of protection.
  7910 | D:8      | 7910 ||| READING scroll labelled DOKETE FECZUEDE.
  7951 | D:9      | 7951 ||| INVOKING Heroism.
  8024 | D:9      | 8024 ||| Stepping ~*~*~tactically~*~*~ (outnumbered).
  8072 | D:9      | 8072 ||| Stepping ~*~*~tactically~*~*~ (outnumbered).
  8073 | D:9      | 8073 ||| Stepping ~*~*~tactically~*~*~ (outnumbered).
  8075 | D:9      | 8075 ||| Stepping ~*~*~tactically~*~*~ (outnumbered).
  8078 | D:9      | 8078 ||| Stepping ~*~*~tactically~*~*~ (outnumbered).
  8083 | D:9      | Reached skill level 9 in Fighting
  8109 | D:9      | 8109 ||| Stepping ~*~*~tactically~*~*~ (outnumbered).
  8111 | D:9      | 8111 ||| Stepping ~*~*~tactically~*~*~ (outnumbered).
  8116 | D:9      | Reached skill level 3 in Dodging
  8132 | D:9      | 8132 ||| Stepping ~*~*~tactically~*~*~ (outnumbered).
  8135 | D:9      | 8135 ||| Stepping ~*~*~tactically~*~*~ (outnumbered).
  8137 | D:9      | 8137 ||| Stepping ~*~*~tactically~*~*~ (outnumbered).
  8143 | D:9      | 8143 ||| Stepping ~*~*~tactically~*~*~ (outnumbered).
  8145 | D:9      | Noticed a boulder beetle
  8145 | D:9      | 8145 ||| INVOKING Heroism.
  8148 | D:9      | 8148 ||| Stepping ~*~*~tactically~*~*~ (outnumbered).
  8150 | D:9      | 8150 ||| Stepping ~*~*~tactically~*~*~ (outnumbered).
  8173 | D:9      | 8173 ||| DRINKING 4 potions of curing.
  8173 | D:9      | 8173 ||| (to cure confusion)
  8179 | D:9      | 8179 ||| INVOKING Heroism.
  8180 | D:9      | Killed a boulder beetle
  8180 | D:9      | Reached *** piety under Okawaru
  8264 | D:9      | 8264 ||| INVOKING Heroism.
  8305 | D:9      | Reached skill level 14 in Ranged Weapons
  8438 | D:9      | Found Zuvatt's Specific Store.
  8442 | D:9      | Found Nikkosaf's General Store.
  8451 | D:9      | 8451 ||| BUYING potion of heal wounds (60 gold).
  8451 | D:9      | Bought a potion of heal wounds for 60 gold pieces
  8451 | D:9      | 8451 ||| BUYING scroll of teleportation (36 gold).
  8451 | D:9      | Bought a scroll of teleportation for 36 gold pieces
  8451 | D:9      | 8451 ||| BUYING scroll of teleportation (36 gold).
  8451 | D:9      | Bought a scroll of teleportation for 36 gold pieces
  8475 | D:9      | Noticed a two-headed ogre
  8476 | D:9      | 8476 ||| INVOKING Heroism.
  8483 | D:9      | Killed a two-headed ogre
  8587 | D:10     | Entered Level 10 of the Dungeon
  8622 | D:10     | 8622 ||| INVOKING Heroism.
  8624 | D:10     | 8624 ||| Stepping ~*~*~tactically~*~*~ (outnumbered).
  8667 | D:10     | 8667 ||| INVOKING Heroism.
  8764 | D:10     | Found a hide-covered altar of Uskayaw.
  8790 | D:10     | 8790 ||| INVOKING Heroism.
  8950 | D:10     | 8950 ||| INVOKING Heroism.
  8965 | D:10     | Found a staircase to the Orcish Mines.
  8980 | D:10     | 8980 ||| INVOKING Heroism.
  8998 | D:10     | 8998 ||| INVOKING Heroism.
  9013 | D:10     | 9013 ||| INVOKING Heroism.
  9134 | D:10     | 9134 ||| READING scroll of enchant weapon.
  9134 | D:10     | 9134 ||| ENCHANTING +1 orcbow of chaos.
  9262 | D:10     | Identified the ring of the Mutiny {Fly Int+4}
  9303 | D:10     | Reached XP level 12. HP: 77/77 MP: 15/15
  9306 | D:10     | Reached skill level 15 in Ranged Weapons
  9345 | D:10     | 9345 ||| INVOKING Heroism.
  9478 | D:10     | Reached skill level 6 in Armour
  9492 | D:10     | 9492 ||| INVOKING Heroism.
  9593 | D:10     | 9593 ||| FLEEEEING.
  9594 | D:10     | 9594 ||| FLEEEEING.
  9595 | D:10     | 9595 ||| FLEEEEING.
  9643 | D:10     | Found an ancient bone altar of Kikubaaqudgha.
  9719 | D:10     | 9719 ||| UPGRADING to +0 pair of gloves.
  9724 | D:10     | 9724 ||| DROPPING ring of the Mutiny {Fly Int+4}.
  9725 | D:10     | 9725 ||| READING scroll labelled QORCHELA PEOTTY.
  9725 | D:10     | Identified a scroll of acquirement
  9725 | D:10     | 9725 ||| ACQUIRING +2 arbalest of flaming
  9725 | D:10     | Acquired a +2 arbalest of flaming
  9726 | D:10     | 9726 ||| READING 2 scrolls of identify.
  9726 | D:10     | 9726 ||| IDENTIFYING grey potion
  9727 | D:10     | 9727 ||| DROPPING potion of attraction.
  9914 | D:10     | 9914 ||| STAIRDANCE
 10057 | D:10     | 10057 ||| SWAPPING to +2 arbalest of flaming.
 10058 | D:10     | 10058 ||| DROPPING +2 orcbow of chaos.
 10104 | D:11     | Noticed a boulder beetle
 10105 | D:11     | 10105 ||| INVOKING Heroism.
 10111 | D:11     | Killed a boulder beetle
 10182 | D:11     | Received a gift from Okawaru
 10186 | D:11     | 10186 ||| INVOKING Heroism.
 10197 | D:11     | Reached skill level 16 in Ranged Weapons
 10311 | D:11     | Found a staircase to the Lair.
 10325 | D:11     | 10325 ||| INVOKING Heroism.
 10652 | D:11     | 10652 ||| Stepping ~*~*~tactically~*~*~ (outnumbered).
 10653 | D:11     | 10653 ||| Stepping ~*~*~tactically~*~*~ (outnumbered).
 10659 | D:11     | Reached **** piety under Okawaru
 10686 | D:11     | 10686 ||| READING scroll of enchant weapon.
 10686 | D:11     | 10686 ||| ENCHANTING +2 arbalest of flaming.
 10949 | D:11     | Noticed a two-headed ogre
 10954 | D:11     | Killed a two-headed ogre
 10998 | D:11     | 10998 ||| DRINKING 4 potions of curing.
 10998 | D:11     | 10998 ||| (to cure confusion)
 11105 | D:11     | 11105 ||| PLANNING LAIR
 11105 | D:11     | 11105 ||| READING 2 scrolls of identify.
 11105 | D:11     | 11105 ||| IDENTIFYING white potion
 11163 | Lair:1   | Entered Level 1 of the Lair of Beasts
 11164 | Lair:1   | 11164 ||| PLANNING GAUNTLET
 11165 | Lair:1   | 11165 ||| STAIRDANCE
 11198 | Lair:1   | 11198 ||| STAIRDANCE
 11202 | D:11     | 11202 ||| INVOKING Heroism.
 11338 | Lair:1   | Reached skill level 6 in Invocations
 11370 | Lair:1   | 11370 ||| INVOKING Heroism.
 11444 | Lair:1   | Found a gate leading to a gauntlet.
 11445 | Lair:1   | 11445 ||| READING scroll labelled JIRGHO DOASEA.
 11454 | Gauntlet | Entered a Gauntlet
 11454 | Gauntlet | Found a transporter.
 11454 | Gauntlet | Found a transporter.
 11459 | Gauntlet | Found a transporter.
 11474 | Gauntlet | Found a transporter.
 11488 | Gauntlet | Found a transporter.
 11501 | Gauntlet | Found a transporter.
 11503 | Gauntlet | Found a large runed translucent door.
 11504 | Gauntlet | Found a large runed translucent door.
 11504 | Gauntlet | Found a large runed translucent door.
 11504 | Gauntlet | Found a large runed translucent door.
 11505 | Gauntlet | Found a large runed translucent door.
 11505 | Gauntlet | Found a large runed translucent door.
 11505 | Gauntlet | Found a runed translucent door.
 11505 | Gauntlet | Found a runed translucent door.
 11505 | Gauntlet | Found a large runed translucent door.
 11506 | Gauntlet | Found a large runed translucent door.
 11508 | Gauntlet | Found a large runed translucent door.
 11508 | Gauntlet | Found a large runed translucent door.
 11511 | Gauntlet | Found a large runed translucent door.
 11511 | Gauntlet | Found a large runed translucent door.
 11513 | Gauntlet | Found a large runed translucent door.
 11513 | Gauntlet | Found a large runed translucent door.
 11513 | Gauntlet | Found a large runed translucent door.
 11515 | Gauntlet | Found a runed translucent gate.
 11515 | Gauntlet | Found a runed translucent gate.
 11515 | Gauntlet | Found a runed translucent gate.
 11516 | Gauntlet | Noticed a death yak
 11516 | Gauntlet | Noticed a death yak
 11517 | Gauntlet | Found a transporter.
 11517 | Gauntlet | Noticed a death yak
 11517 | Gauntlet | Noticed a death yak
 11517 | Gauntlet | Found the +7 Kryia's mail coat {PotionHeal*2 rC+}
 11585 | Gauntlet | Noticed a catoblepas
 11589 | Gauntlet | Found a transporter.
 11605 | Gauntlet | Found a transporter.
 11620 | Gauntlet | Found a transporter.
 11633 | Gauntlet | Found a transporter.
 11640 | Gauntlet | Noticed a blizzard demon
 11650 | Gauntlet | Found a transporter.
 11723 | Gauntlet | Found a transporter.
 11727 | Gauntlet | Found a transporter.
 11738 | Gauntlet | Found a transporter.
 11744 | Gauntlet | Found a large runed translucent door.
 11748 | Gauntlet | Found a transporter.
 11771 | Gauntlet | 11771 ||| INVOKING Heroism.
 11775 | Gauntlet | Reached XP level 13. HP: 84/84 MP: 15/18
 11823 | Gauntlet | 11823 ||| INVOKING Heroism.
 11965 | Gauntlet | 11965 ||| INVOKING Heroism.
 11968 | Gauntlet | Killed a blizzard demon
 11969 | Gauntlet | 11969 ||| Stepping ~*~*~tactically~*~*~ (cloud).
 12140 | Gauntlet | 12140 ||| READING scroll of enchant weapon.
 12140 | Gauntlet | 12140 ||| ENCHANTING +3 arbalest of flaming.
 12143 | Gauntlet | Identified the +2 helmet of the Distant Future {rC+++ rN+
                  | Will- Int-3}
 12145 | Gauntlet | 12145 ||| UPGRADING to +2 helmet of the Distant Future
                  | {rC+++ rN+ Will- Int-3}.
 12171 | Gauntlet | Noticed a minotaur
 12172 | Gauntlet | 12172 ||| INVOKING Heroism.
 12176 | Gauntlet | Killed a minotaur
 12246 | Gauntlet | 12246 ||| READING scroll of enchant armour.
 12246 | Gauntlet | 12246 ||| ENCHANTING +0 pair of gloves.
 12264 | Gauntlet | 12264 ||| READING 2 scrolls of identify.
 12264 | Gauntlet | 12264 ||| IDENTIFYING yellow potion
 12275 | Lair:1   | 12275 ||| PLANNING LAIR
 12480 | Lair:1   | Reached ***** piety under Okawaru
 12751 | Lair:1   | 12751 ||| INVOKING Heroism.
 12754 | Lair:1   | Reached skill level 9 in Invocations
 12972 | Lair:1   | 12972 ||| UPGRADING to ring of positive energy.
 12973 | Lair:1   | 12973 ||| READING 2 scrolls of identify.
 12973 | Lair:1   | 12973 ||| IDENTIFYING silvery potion
 12993 | Lair:2   | Found a staircase to the Swamp.
 12995 | Lair:2   | 12995 ||| STAIRDANCE
 13103 | Lair:2   | 13103 ||| STAIRDANCE
 13178 | Lair:2   | 13178 ||| INVOKING Heroism.
 13198 | Lair:2   | Found a hole to the Spider Nest.
 13280 | Lair:2   | Found a runed translucent door.
 13281 | Lair:2   | Noticed qw's ghost (journeyman GrFi)
 13317 | Lair:2   | 13317 ||| INVOKING Heroism.
 13344 | Lair:2   | Reached skill level 17 in Ranged Weapons
 13620 | Lair:2   | 13620 ||| INVOKING Heroism.
 13627 | Lair:2   | Identified the +4 helmet of Mutualism {Str+2} (Okawaru
                  | gifted it to you on level 2 of the Lair of Beasts)
 13627 | Lair:2   | Received a gift from Okawaru
 13702 | Lair:2   | 13702 ||| INVOKING Heroism.
 13817 | Lair:2   | 13817 ||| INVOKING Heroism.
 13908 | Lair:2   | 13908 ||| DROPPING +2 helmet.
 14206 | Lair:2   | 14206 ||| READING scroll labelled SOMYMI UBEH.
 14207 | Lair:2   | 14207 ||| DROPPING scroll of vulnerability.
 14222 | Lair:3   | 14222 ||| INVOKING Heroism.
 14233 | Lair:3   | 14233 ||| STAIRDANCE
 14244 | Lair:2   | HP: 17/84 [polar bear (9)]
 14245 | Lair:2   | 14245 ||| READING 6 scrolls of teleportation.
 14246 | Lair:2   | 14246 ||| DRINKING 3 potions of heal wounds.
 14586 | Lair:3   | 14586 ||| READING scroll of enchant armour.
 14586 | Lair:3   | 14586 ||| ENCHANTING +1 pair of gloves.
 14600 | Lair:3   | 14600 ||| INVOKING Heroism.
 14610 | Lair:3   | Gained mutation: Your large and strong wings let you fly.
                  | [Gargoyle growth]
 14610 | Lair:3   | Reached XP level 14. HP: 90/90 MP: 21/21
 14639 | Lair:3   | Reached skill level 18 in Ranged Weapons
 14657 | Lair:3   | 14657 ||| INVOKING Heroism.
 15225 | Lair:3   | 15225 ||| UPGRADING to +6 ring of strength.
 15227 | Lair:3   | 15227 ||| UPGRADING to ring of see invisible.
 15229 | Lair:3   | 15229 ||| DROPPING ring of positive energy.
 15230 | Lair:3   | 15230 ||| READING 4 scrolls of identify.
 15230 | Lair:3   | 15230 ||| IDENTIFYING smoky sapphire potion
 15231 | Lair:3   | 15231 ||| DRINKING potion of experience.
 15231 | Lair:3   | Reached XP level 15. HP: 99/99 MP: 22/22
 15487 | Lair:4   | 15487 ||| READING scroll of enchant weapon.
 15487 | Lair:4   | 15487 ||| ENCHANTING +4 arbalest of flaming.
 15533 | Lair:4   | Found a dark tunnel.
 15586 | Lair:4   | You are sucked into a shaft and drop 1 floor!
 15586 | Lair:5   | Entered Level 5 of the Lair of Beasts
 15997 | Lair:4   | Found a runed translucent door.
 16107 | Lair:5   | 16107 ||| READING scroll of enchant weapon.
 16107 | Lair:5   | 16107 ||| ENCHANTING +5 arbalest of flaming.
 16246 | Lair:5   | Reached skill level 9 in Armour
 16354 | Lair:5   | Found a staircase to the Slime Pits.
 16401 | Lair:5   | Found a viscous altar of Jiyva.
 16443 | Lair:5   | Reached skill level 6 in Dodging
 16516 | Lair:5   | 16516 ||| INVOKING Heroism.
 16529 | Lair:5   | HP: 12/100 [death yak (15)]
 16530 | Lair:5   | 16530 ||| READING 6 scrolls of teleportation.
 16531 | Lair:5   | 16531 ||| DRINKING 4 potions of heal wounds.
 16532 | Lair:5   | 16532 ||| DRINKING 3 potions of heal wounds.
 17052 | Lair:5   | 17052 ||| INVOKING Heroism.
 17084 | Lair:5   | 17084 ||| INVOKING Finesse.
 17091 | Lair:5   | Received a gift from Okawaru
 17134 | Lair:5   | Identified the ring "Lalaettu" {Ice *Slow Dex+4 Stlth+}
 17196 | Lair:5   | 17196 ||| PLANNING D
 17196 | Lair:5   | 17196 ||| UPGRADING to amulet of reflection.
 17206 | Lair:5   | 17206 ||| DROPPING amulet of the acrobat.
 17207 | Lair:5   | 17207 ||| DROPPING ring of resist corrosion.
 17452 | D:12     | 17452 ||| Stepping ~*~*~tactically~*~*~ (outnumbered).
 17521 | D:12     | 17521 ||| INVOKING Heroism.
 17630 | D:12     | 17630 ||| FLEEEEING.
 17631 | D:12     | 17631 ||| FLEEEEING.
 17632 | D:12     | 17632 ||| FLEEEEING.
 17633 | D:12     | 17633 ||| FLEEEEING.
 17635 | D:12     | 17635 ||| FLEEEEING.
 17636 | D:12     | 17636 ||| FLEEEEING.
 17637 | D:12     | 17637 ||| FLEEEEING.
 17638 | D:12     | 17638 ||| FLEEEEING.
 17639 | D:12     | 17639 ||| FLEEEEING.
 17640 | D:12     | 17640 ||| FLEEEEING.
 17641 | D:12     | 17641 ||| FLEEEEING.
 17646 | D:12     | 17646 ||| FLEEEEING.
 17647 | D:12     | 17647 ||| STAIRDANCE
 17683 | D:12     | 17683 ||| STAIRDANCE
 17820 | D:12     | 17820 ||| SWAPPING to +0 longbow.
 17821 | D:12     | 17821 ||| DROPPING +6 arbalest of flaming.
 18015 | D:12     | Noticed Azrael
 18017 | D:12     | 18017 ||| INVOKING Heroism.
 18018 | D:12     | 18018 ||| INVOKING Finesse.
 18021 | D:12     | 18021 ||| Stepping ~*~*~tactically~*~*~ (outnumbered).
 18054 | D:12     | Killed Azrael
 18086 | D:12     | 18086 ||| INVOKING Heroism.
 18514 | D:13     | Found a frozen archway.
 18609 | D:13     | 18609 ||| INVOKING Heroism.
 18612 | D:13     | 18612 ||| READING 5 scrolls of teleportation.
 18614 | D:13     | Demolished by an enormous slime creature

Levels and vault maps discovered:
D:1:      scummos_arrival_simple_fountains, layout_basic, minmay_lizard_pond
D:2:      layout_loops_corners, shapermc_ecumenical_altar_notcrosses,
          uniq_terence
D:3:      layout_basic, gammafunk_temple_overflow_statue,
          minmay_close_crescents, uniq_grinder
D:4:      layout_rooms, cheibrodos_ashenzari_chains, serial_shops, shop,
          mrwooster_statue_mirror, uniq_blork_the_orc
D:5:      layout_rooms, yredelemnul_forgotten_temple_becter, uniq_eustachio,
          uniq_sigmund, uniq_prince_ribbit1, uniq_duvessa
D:6:      minmay_razor_zed, layout_basic, minmay_temple_entry_gardened_gates
D:7:      cheibrodos_statue_roulette, layout_cave_pods,
          mainiacjoe_overflow_alcove_1, nicolae_elevator_lobby_asterisk,
          uniq_menkaure
D:8:      layout_loops_ring, enter_bailey_8, kennysheep_generic_room_16,
          uniq_pikel
D:9:      layout_roguey [special_room_kobold], nicolae_specific_store
D:10:     layout_basic, mainiacjoe_overflow_surrounded_room,
          kiku_gazebo_pond_becter, minmay_orc_entry_temple_small,
          nicolae_fountain_basement
D:11:     layout_grid_maze, minmay_lair_entry_grove
D:12:     minmay_dotted_concentric_squares, layout_basic, uniq_azrael
D:13:     layout_basic, portal_ice_cave_entry_pillars_1, uniq_sonja
Temple:   nicolae_temple_superstar
Lair:1:   layout_gridlike, gauntlet_entry_generic, evilmike_ambush
          [evilmike_ambush_outer_basic, evilmike_ambush_inner_pond]
Lair:2:   layout_small_grid, skrybe_swamp_entry_bodies, dummy_spider_entry,
          gammafunk_ghost_grave, serial_bayou_shore_a, grunt_megastairs_5,
          infiniplex_staircase_pool_2
Lair:3:   layout_cave_pods, grunt_megastairs_3
Lair:4:   gammafunk_lair_enchanted_lake, layout_misc_corridors, enter_volcano_1,
          lemuel_fruit_fields
Lair:5:   grunt_lair_end_beastmaster, layout_cave_pods,
          nicolae_slime_entry_field_trip

Skill      XL: |  1  2  3  4  5  6  7  8  9 10 11 12 13 14 15 |
---------------+----------------------------------------------+-----
Ranged Weapons | 3 4 5 7 9 11 12 14 16 17 18 | 18.4
Fighting       | 2 4 6 7 8 10 11 13 14 | 14.5
Armour         | 1 3 5 7 10 | 10.0
Dodging        | 2 3 4 6 |  6.0
Invocations    | 4 7 10 | 10.0
Spellcasting   | |  1.0
Hexes          | |  2.6

Action                     |  1- 3 |  4- 6 |  7- 9 | 10-12 | 13-15 || total
---------------------------+-------+-------+-------+-------+-------++-------
   Fire: Sling             |   108 |   133 |   124 |       |       ||   365
         Orcbow            |       |       |   150 |   544 |       ||   694
         Arbalest          |       |       |       |   141 |   531 ||   672
         Longbow           |       |       |       |       |   110 ||   110
 Invoke: Heroism           |       |       |       |    27 |    18 ||    45
         Finesse           |       |       |       |       |     2 ||     2
    Use: Scroll            |     4 |     7 |     8 |    14 |    12 ||    45
         Potion            |       |     2 |     1 |     3 |     4 ||    10
 Armour: Robe              |    14 |     1 |       |       |       ||    15
         Leather armour    |       |    23 |       |       |       ||    23
         Ring mail         |       |     9 |    97 |   277 |   312 ||   695
  Dodge: Dodged            |    43 |    43 |    87 |   216 |   309 ||   698
  Block: Other             |       |       |       |       |    15 ||    15
         Reflection        |       |       |       |       |     3 ||     3

Table legend:
 A = Non-vault XP
 B = Vault XP
 C = Vault XP percentage of total XP
 D = Non-vault monster count
 E = Vault monster count
 F = Vault count percentage of total count
                 A         B        C        D         E       F
            +---------+---------+-------+---------+---------+-------
      Total |   56438 |   35348 |  38.5 |     370 |     166 |  31.0
            +---------+---------+-------+---------+---------+-------
        D:1 |      21 |       8 |  27.6 |      13 |       8 |  38.1
        D:2 |      57 |     304 |  84.2 |      25 |       3 |  10.7
        D:3 |     150 |       5 |   3.2 |      19 |       3 |  13.6
        D:4 |     412 |      91 |  18.1 |      17 |       1 |   5.6
        D:5 |     243 |     915 |  79.0 |       9 |       6 |  40.0
        D:6 |     526 |    1020 |  66.0 |      17 |      13 |  43.3
        D:7 |    1013 |    2188 |  68.4 |      29 |       6 |  17.1
        D:8 |    2072 |     715 |  25.7 |      28 |       3 |   9.7
        D:9 |    3487 |    2157 |  38.2 |      26 |      30 |  53.6
       D:10 |    5642 |     819 |  12.7 |      36 |      11 |  23.4
       D:11 |    3819 |    2592 |  40.4 |      20 |      16 |  44.4
       D:12 |    4746 |    7138 |  60.1 |      15 |      18 |  54.5
       D:13 |    1111 |       0 |   0.0 |       2 |       0 |   0.0
     Lair:1 |    8092 |    1043 |  11.4 |      29 |       2 |   6.5
     Lair:2 |    8900 |    1260 |  12.4 |      33 |       6 |  15.4
     Lair:3 |    4150 |    1224 |  22.8 |      15 |       2 |  11.8
     Lair:4 |    4310 |    1852 |  30.1 |      13 |       5 |  27.8
     Lair:5 |    7018 |    8425 |  54.6 |      21 |      25 |  54.3
   Gauntlet |     669 |    3592 |  84.3 |       3 |       8 |  72.7
            +---------+---------+-------+---------+---------+-------
